 Dungeon Crawl Stone Soup version 0.10.4 character file.

189 Aargh the Skirmisher (level 4, 0/34 HPs)
             Began as a Merfolk Abyssal Knight on July 10, 2013.
             Was a Believer of Lugonu.
             Slain by an orc warrior
             ... wielding a +2,+2 orcish glaive
              (20 damage)
             ... on Level 6 of the Dungeon.
             The game lasted 00:31:27 (3078 turns).

Aargh the Skirmisher (Merfolk Abyssal Knight)       Turns: 3078, Time: 00:31:27

HP   0/34        AC  4     Str 12      XL: 4   Next: 59%
MP   6/6         EV 13     Int 12      God: Lugonu [**....]
Gold 97          SH  0     Dex 13      Spells:  0 memorised,  5 levels left

Res.Fire  : . . .   See Invis. : .   t - +9,+0 hand axe "Xioxoss" {venom, MR}
Res.Cold  : . . .   Warding    : . . d - +2 robe {MR} (curse)
Life Prot.: . . .   Conserve   : .   (no shield)
Res.Acid. : . . .   Res.Corr.  : .   (no helmet)
Res.Poison: .       Clarity    : .   (no cloak)
Res.Elec. : .       Spirit.Shd : .   (no gloves)
Sust.Abil.: . .     Stasis     : .   (no boots)
Res.Mut.  : .       Ctrl.Telep.: .   (no amulet)
Res.Rott. : .       Levitation : .   (no ring)
Saprovore : . . .   Ctrl.Flight: .   (no ring)

@: very resistant to hostile enchantments, fairly stealthy
A: change form in water, swift swim
a: Depart the Abyss, Bend Space, Renounce Religion


You were on level 6 of the Dungeon.
You worshipped Lugonu.
Lugonu was most pleased with you.
You were very hungry.

You visited 3 branches of the dungeon, and saw 8 of its levels.
You visited the Abyss 1 time.

You collected 77 gold pieces.

Inventory:

Hand weapons
 a - a +2,+2 short sword
 f - a +0,+0 short sword
 j - a +2,+0 elven long sword
 n - a +0,+0 dagger
 o - a cursed -1,-1 sling
 p - a +1,+2 whip
 t - the +9,+0 hand axe "Xioxoss" (weapon) {venom, MR}
   (You found it on level 5 of the Dungeon)

   It poisons the flesh of those it strikes.
   It increases your resistance to enchantments.
 v - a +0,+0 sling
Missiles
 h - 18 +0 darts (quivered)
 l - a -3 throwing net
 m - 28 exploding +0 sling bullets
Armour
 d - a cursed +2 robe of magic resistance (worn)
Magical devices
 r - a wand of frost (5)
Comestibles
 c - 2 bread rations
 B - a meat ration
Jewellery
 s - a +5 ring of protection {unknown}
Potions
 e - 2 potions of confusion
 k - 2 potions of curing
 u - a potion of levitation
 x - a potion of magic {unknown}


   Skills:
 + Level 3.7 Fighting
 + Level 3.4 Short Blades
 + Level 0.6 Armour
 + Level 3.6 Dodging
 * Level 2.2 Stealth
 * Level 1.1 Stabbing
 * Level 1.4 Traps & Doors
 * Level 1.3 Spellcasting
 * Level 3.1 Invocations


You had 5 spell levels left.
You didn't know any spells.

Dungeon Overview and Level Annotations

Branches:
Dungeon (6/27)             Temple (1/1) D:6             Orc (1/4) D:6

Altars:
Ashenzari
Cheibriados
Elyvilon
Fedhas
Kikubaaqudgha
Makhleb
Nemelex Xobeh
Okawaru
Sif Muna
The Shining One
Trog
Vehumet
Xom
Yredelemnul
Zin

Annotations
D:5 Blork the orc, Edmund


Message History

Press ? for a list of commands and other information.
Evoke which item? (* to show all) (? for menu, Esc to quit)
Zapping:
r - a wand of frost {zapped: 8}
Press: ? - help, Shift-Dir - straight line, f - orc warrior
Aim: an orc warrior, wielding an orcish glaive and wearing an orcish splint mail The puff of frost hits the orc warrior.
The orc warrior is lightly wounded.
The orc warrior closely misses you.
Wield which item (- for none, * to show all)? (? for menu, Esc to quit)
It begins to drip with poison!
t - the hand axe "Xioxoss" (weapon)
{venom, MR} You hit the orc warrior.
The orc warrior is poisoned.
The orc warrior is lightly wounded.
The orc warrior completely misses you.
You hit the orc warrior but do no damage.
The orc warrior looks even sicker.
The orc warrior is lightly wounded.
The orc warrior hits you with an orcish glaive!
Ouch! That really hurt!
You die...

#.#
#.#
#w#
#.#
#.#
#.#
#.#
#.##
#.@#
#o##
#.#
#.#
...
...
#...
##.#
.


You could see an orc warrior and a worm.

Vanquished Creatures
  An orc priest (D:4)
  A gnoll (D:3)
  An adder (D:5)
  A giant gecko (D:1)
  5 bats
  8 hobgoblins
  7 kobolds
  A quokka (D:2)
  2 ball pythons
  5 giant newts
  8 goblins
  3 rats
43 creatures vanquished.

Vanquished Creatures (others)
  An orc (D:4)
  A goblin (D:1)
  3 jackals (D:5)
  A quokka (D:5)
6 creatures vanquished.

Grand Total: 49 creatures vanquished

Notes
Turn   | Place    | Note
--------------------------------------------------------------
     0 | Abyss    | Aargh, the Merfolk Abyssal Knight, began the quest for the Orb.
     0 | Abyss    | Reached XP level 1. HP: 16/16 MP: 1/1
    16 | D:1      | You pass through the gate.
   251 | D:1      | Reached XP level 2. HP: 22/22 MP: 2/2
   616 | D:1      | Reached skill level 1 in Stealth
   658 | D:1      | Reached skill level 1 in Traps & Doors
   660 | D:1      | Acquired Lugonu's second power
   743 | D:1      | Reached skill level 1 in Spellcasting
   850 | D:1      | Reached XP level 3. HP: 28/28 MP: 4/4
  1503 | D:5      | Entered Level 5 of the Dungeon
  1503 | D:5      | Noticed Blork the orc
  1814 | D:4      | HP: 1/28 [orc priest/divine providence (9)]
  1816 | D:4      | Reached skill level 1 in Stabbing
  1816 | D:4      | Reached XP level 4. HP: 1/34 MP: 6/6
  2459 | D:5      | Got a twisted hand axe
  2824 | D:5      | Noticed Edmund
  2873 | D:6      | Found a staircase to the Ecumenical Temple.
  2879 | Temple   | Entered the Ecumenical Temple
  3061 | D:6      | Found a staircase to the Orcish Mines.
  3071 | Orc:1    | Entered Level 1 of the Orcish Mines
  3076 | D:6      | Identified the hand axe "Xioxoss" {venom, MR} (You found it on level 5 of the Dungeon)
  3078 | D:6      | Slain by an orc warrior
